 Dungeon Crawl Stone Soup version 0.18.1-48-g4cf74bf (webtiles) character file.

216 Joat the Skirmisher (level 5, 24/45 HPs)
             Began as a Draconian Transmuter on Aug 18, 2016.
             Was an Initiate of Ashenzari.
             Quit the game on level 4 of the Dungeon.
             The game lasted 00:14:45 (2472 turns).

Joat the Skirmisher (Draconian Transmuter)          Turns: 2472, Time: 00:14:45

Health: 24/45      AC: 11    Str: 13    XL:     5   Next: 61%
Magic:  7/17       EV: 13    Int: 13    God:    Ashenzari [......]
Gold:   168        SH:  0    Dex: 12    Spells: 2 memorised, 4 levels left

rFire  . . .     SeeInvis .     e - +2 short sword (protect)
rCold  . . .     Gourm    .     (armour unavailable)
rNeg   . . .     Faith    .     (no shield)
rPois  .         Spirit   .     (helmet restricted)
rElec  .         Dismiss  .     l - +0 cloak (curse)
rCorr  .         Reflect  .     (no gloves)
SustAt .         Harm     .     (no boots)
MR     .....                    (no amulet)
Stlth  +.........               (no ring)
                                n - ring of magical power

@: very slightly contaminated, not resistant to hostile enchantments, very
unstealthy
A: unfitting armour, cold-blooded, AC +5
a: Curse Item, Renounce Religion


You were on level 4 of the Dungeon.
You worshipped Ashenzari.
Ashenzari was noncommittal.
You were not hungry.

You visited 1 branch of the dungeon, and saw 4 of its levels.

You collected 168 gold pieces.

Inventory:

Hand Weapons
 e - a +2 short sword of protection (weapon)
Missiles
 a - 67 arrows
Armour
 l - a cursed +0 cloak (worn)
Jewellery
 n - a ring of magical power (left hand)
Scrolls
 d - 2 scrolls of noise
 g - a scroll of remove curse
Potions
 f - 2 potions of curing
 h - a potion of cancellation
Books
 b - a book of Changes

   Spells                             Type                      Level
   a - Beastly Appendage              Transmutation                1
   b - Sticks to Snakes               Transmutation                2
   c - Spider Form                    Transmutation/Poison         3
   d - Ice Form                       Ice/Transmutation            4
   e - Blade Hands                    Transmutation                5
Comestibles
 c - 6 bread rations
 i - 5 meat rations
 j - 3 beef jerkies
 k - 2 chunks of flesh


   Skills:
 + Level 3.5 Fighting
 + Level 3.3 Dodging
 + Level 3.0 Unarmed Combat
 - Level 2.0 Spellcasting
 + Level 2.0 Transmutations
 + Level 3.1 Poison Magic


You had 4 spell levels left.
You knew the following spells:

 Your Spells              Type           Power        Failure   Level  Hunger
q - Beastly Appendage     Trmt           #.....       12%         1    ##.....
v - Spider Form           Trmt/Pois      #.........   28%         3    ####...


Dungeon Overview and Level Annotations

Branches:
Dungeon (4/15)
 Temple: D:4-7

Altars:
Ashenzari
Dithmenos
Elyvilon
Makhleb
Okawaru
Yredelemnul


Innate Abilities, Weirdness & Mutations

Your plain brown scales are hard (AC +5).
Your body does not fit into most forms of armour.
You are cold-blooded and may be slowed by cold attacks.


Message History

You have reached level 5!
Things that are here:
an uncursed giant club; an ogre corpse You butcher the ogre corpse.
k - 3 chunks of flesh You see here an uncursed giant club.
You start resting.
Eating one of 3 chunks of flesh.
This raw flesh tastes terrible.
You continue eating. x2
Your transformation has ended.
Your +2 short sword of protection unmelds from your body.
Your cursed +0 cloak unmelds from your body.
You feel protected!
Saving game... please wait.
Welcome back, Joat the Draconian Transmuter.
Ashenzari says: Partake of my vision.
Partake of my curse.
Press ? for a list of commands and other information.
Wear which item? (? for menu, Esc to quit)
Okay, then.
Are you sure you want to abandon this character and quit the game? (Confirm with "yes".) # #.#####.# #..<@...# #.####### #

There were no monsters in sight!

Vanquished Creatures
  An ogre (D:4)
  A hound (D:2)
  4 adders (D:2)
  An ooze (D:3)
  2 worms
  2 giant geckos
  A giant cockroach (D:2)
  6 goblins
  10 hobgoblins
  2 quokkas (D:3)
  A ball python (D:2)
  7 bats
  3 giant newts (D:3)
  2 gnoll zombies (D:3)
  9 kobolds
  5 rats
  A plant (D:2)
58 creatures vanquished.

Notes
Turn   | Place    | Note
--------------------------------------------------------------
     0 | D:1      | Joat the Draconian Transmuter began the quest for the Orb.
     0 | D:1      | Reached XP level 1. HP: 16/16 MP: 3/3
   151 | D:1      | Found a shattered altar of Ashenzari.
   159 | D:1      | Became a worshipper of Ashenzari the Shackled
   234 | D:1      | Reached XP level 2. HP: 24/24 MP: 5/5
   987 | D:2      | Reached XP level 3. HP: 29/30 MP: 6/6
  1078 | D:2      | Learned a level 3 spell: Spider Form
  1153 | D:2      | Found a burning altar of Makhleb.
  1161 | D:2      | Reached XP level 4. HP: 38/38 MP: 7/7
  1785 | D:3      | Found a shadowy altar of Dithmenos.
  1861 | D:3      | Found an iron altar of Okawaru.
  1879 | D:3      | Reached skill level 1 in Poison Magic
  2207 | D:3      | Found a white marble altar of Elyvilon.
  2403 | D:3      | Found a basalt altar of Yredelemnul.
  2451 | D:4      | Noticed an ogre
  2461 | D:4      | Killed an ogre
  2461 | D:4      | Reached XP level 5. HP: 23/45 MP: 5/8
  2472 | D:4      | Quit the game

Skill      XL: |  1  2  3  4 |
---------------+-------------+-----
Dodging        | 2 3 |  3.3
Fighting       | 2 3 |  3.5
Poison Magic   | 3 |  3.1
Unarmed Combat | |  3.0
Spellcasting   | |  2.0
Transmutations | |  2.0

Action                   |  1- 3 |  4- 6 || total
-------------------------+-------+-------++-------
Melee: Short sword       |   136 |    83 ||   219
       Unarmed           |     8 |     6 ||    14
       Tailslap          |    20 |     7 ||    27
       Punch             |       |     2 ||     2
 Cast: Spider Form       |       |     2 ||     2
Invok: Curse Item        |       |     1 ||     1
  Use: Scroll            |       |     5 ||     5
 Stab: Sleeping          |       |     1 ||     1
  Eat: Chunk             |     1 |     5 ||     6
Armor: Skin              |    41 |    21 ||    62
Dodge: Dodged            |    83 |    51 ||   134
